 Dungeon Crawl Stone Soup version 0.31-a0-810-ga77100ea1a (webtiles) character file.

Game seed: 8981826897188508214

11731 lunkers the Cruncher (level 12, -3/208 HPs)
             Began as a Meteoran Wanderer on Sept 21, 2023.
             Was an Elder of Hepliaklqana.
             Slain by a komodo dragon (14 damage)
             ... on level 8 of the Dungeon.
             The game lasted 00:11:41 (3519 turns).

lunkers the Cruncher (Meteoran Wanderer)            Turns: 3519, Time: 00:11:42

Health: -3/208     AC: 30    Str: 22    XL:     12   Next: 39%
Magic:  0/20       EV:  2    Int: 13    God:    Hepliaklqana [****..]
Gold:   336        SH:  0    Dex: 18    Spells: 15/16 levels left

rFire   . . .        a - +1 quarterstaff (freeze)
rCold   . . .        (shield currently unavailable)
rNeg    . . .        i - melded +0 ring mail
rPois   +            r - melded +0 helmet
rElec   .            (cloak currently unavailable)
rCorr   .            b - melded +1 pair of gloves
SInv    .            (boots currently unavailable)
Will    +....        w - amulet of guardian spirit Stlth
                     o - +4 ring of protection
HPRegen 0.54/turn    g - +6 ring of strength
MPRegen 0.17/turn

%: guardian spirit
@: berserking, tree-form (expiring), glowing, very quick
A: stationary, stasis, torment immunity, boosted hp, reduced essence, sense
surroundings 2, otherworldly, glowing, explore regen
a: Renounce Religion, Recall Ancestor, Ancestor Identity, Transference, Idealise


You were on level 8 of the Dungeon.
You worshipped Hepliaklqana.
Hepliaklqana was greatly pleased with you.
You were a tree.
You visited 1 branch of the dungeon, and saw 8 of its levels.
You also visited: Sewer and Bailey.

You collected 336 gold pieces.

Inventory:

Hand Weapons
 a - a +1 quarterstaff of freezing (weapon)
Armour
 b - a +1 pair of gloves (melded)
 d - a +0 leather armour
 i - a +0 ring mail (melded)
 r - a +0 helmet (melded)
Jewellery
 e - a ring of protection from cold
 g - a +6 ring of strength (right branch)
 o - a +4 ring of protection (left branch)
 p - a ring of positive energy
 t - a ring of see invisible
 w - an amulet of guardian spirit (around neck)
Talismans
 j - a beast talisman
Wands
 h - a wand of polymorph (7)
 v - a wand of light (8)
Scrolls
 c - a scroll of summoning
 u - 2 scrolls of fog
 x - a scroll of vulnerability
 C - a scroll of enchant weapon
Potions
 f - a potion of berserk rage
 k - 2 potions of haste
 l - a potion of brilliance
 n - 2 potions of might
 q - a potion of mutation
 z - a potion of attraction
 A - a potion of heal wounds


   Skills:
 + Level 9.2 Fighting
 + Level 12.9 Staves
 - Level 6.0 Armour
 + Level 10.2 Dodging
 - Level 2.6 Spellcasting
 - Level 2.4 Air Magic
 - Level 10.0 Invocations


You had 15 spell levels left.
You knew the following spells:

 Your Spells              Type           Power      Damage    Failure   Level
p - Shock                 Conj/Air       16%        1d4       14%         1

Your spell library contained the following spells:

 Spells                   Type           Power      Damage    Failure   Level
 Apportation              Tloc           2%         N/A       24%         1
 Necrotise                Necr           4%         1d4       24%         1
 Summon Small Mammal      Summ           4%         N/A       24%         1
 Cigotuvi's Dreadful Rot  Necr/Pois/Air  6%         N/A       26%         2
 Blink                    Tloc           2%         N/A       34%         2
 Lesser Beckoning         Tloc           2%         N/A       34%         2
 Momentum Strike          Conj/Tloc      2%         3d8       34%         2
 Inner Flame              Hex/Fire       1%         N/A       56%         3
 Vhi's Electric Charge    Tloc/Air       8%         N/A       82%         4
 Yara's Violent Unravell  Hex/Tmut       0%         3d3       100%        5
 Enfeeble                 Hex            0%         N/A       100%        7


Dungeon Overview and Level Annotations

Branches:
Dungeon (8/15) Zot: 1812   Temple (0/1) D:7           Sewer (visited)
 Bailey (visited)
   Lair: D:8-11

Altars:
Cheibriados
Fedhas
Gozag
Hepliaklqana
Qazlal
Xom

Shops:
D:7 *


Innate Abilities, Weirdness & Mutations

You are a tree.
Your roots penetrate the ground, keeping you stationary.
You cannot be teleported.
You are immune to unholy pain and torment.
Your maximum health is greatly increased.
Your equipment is partially melded.
Your life essence is reduced to manifest your ancestor. (-10% HP)
You passively map the area around you.
You are easily found by Zot.
You glow in the dark.
You regain HP and MP as you explore.


Message History

The bolt of light hits the iguana!
The iguana is heavily wounded.
The iguana is blinded.
The bolt of light hits the orc priest!!
You kill the orc priest!
The bolt of light hits the iguana!
The iguana is almost dead.
The iguana is blinded.
The bolt of light hits the wight.
The wight is heavily damaged.
The wight is blinded.
The iguana bites you but does no damage.
A wight comes into view. It is wielding a +0 halberd.
The komodo dragon bites you.
* * * LOW HITPOINT WARNING * * *
Unknown command.
You hit the iguana.
The iguana seems to slow down.
You freeze the iguana.
The iguana is severely wounded.
The iguana bites you.
* * * LOW MAGIC WARNING * * *
* * * LOW HITPOINT WARNING * * *
You catch the helpless iguana completely off-guard!
You hit the iguana but do no damage.
The iguana is severely wounded.
A wight comes into view. It is wielding a +0 long sword.
You hit the iguana.
The iguana seems to slow down.
You freeze the iguana.
The iguana is almost dead.
The komodo dragon is no longer blind.
The komodo dragon bites you!
* * * LOW HITPOINT WARNING * * *
A red film seems to cover your vision as you go berserk!
You feel yourself moving faster!
You feel mighty! The komodo dragon bites you!!
* * * LOW MAGIC WARNING * * *
* * * LOW HITPOINT WARNING * * *
The iguana bites you but does no damage.
You hit the komodo dragon. You freeze the komodo dragon.
The komodo dragon is moderately wounded.
Unknown command.
You hit the komodo dragon but do no damage.
The komodo dragon is moderately wounded.
The komodo dragon bites you!
* * * LOW MAGIC WARNING * * *
You die...

#####.###.. ..#......
, .......# . **
......##.
######........
##.............
###..............
##lol.............
#♣l{lz.....#..y...
###flz.)..##.)....
###.>oz....)....... *
, #.......##.........
*
..........####.......
#....#.......###.....#
#.#..##..#.....#..####
# #.....###.......##.
*.......*##.........


You could see a komodo dragon, an orc warrior, a sleepcap (blind), 3 iguanas, 3
wights, an orc and a frilled lizard.

Vanquished Creatures
  2 vault guards (Bailey)
  Prince Ribbit (Bailey)
  2 humans (Bailey)
  3 yaks (D:8)
  A water moccasin (D:5)
  2 orc warriors
  A black bear (D:5)
  A sky beast (D:7)
  An ogre (D:6)
  3 lemures (D:7)
  A kobold brigand (D:8)
  Blork the orc (D:4)
  5 bullfrogs
  2 scorpions
  3 wights (D:8)
  5 killer bees (D:8)
  A jelly (D:5)
  2 orc priests
  A gnoll bouda (D:6)
  10 orc wizards
  A sleepcap (D:8)
  3 iguanas
  5 adders
  2 gnolls
  2 ufetubi
  6 orcs
  12 ball pythons
  5 endoplasms
  A giant cockroach (D:2)
  3 goblins (Bailey)
  4 hobgoblins
  5 jackals
  7 kobolds
  A quokka (D:2)
  5 bats
  2 frilled lizards
  2 rats
114 creatures vanquished.

Vanquished Creatures (collateral kills)
  Pikel (D:7)
  4 humans (Bailey)
  A water moccasin (D:5)
  An ice beast (D:6)
  The ghost of soul19 the Chiller, an amateur GnIE (D:4)
  5 bullfrogs
  A scorpion (D:5)
  3 howler monkeys (D:7)
  A hound (D:6)
  4 orc priests
  An iguana (D:5)
  2 orc wizards (D:6)
  3 gnolls (D:6)
  2 river rats (D:6)
  7 adders
  8 orcs
  An endoplasm (D:4)
  A giant cockroach (D:3)
  A goblin (Bailey)
  2 hobgoblins
  4 jackals
  A bat (D:3)
  3 frilled lizards (Sewer)
  2 kobolds (D:4)
60 creatures vanquished.

Vanquished Creatures (others)
  2 battlemagi
2 creatures vanquished.

Grand Total: 176 creatures vanquished

Notes
Turn   | Place    | Note
-------+----------+-------------------------------------------
     0 | D:1      | lunkers the Meteoran Wanderer began the quest for the Orb.
     0 | D:1      | lunkers set off with the following items: a +0
                  | quarterstaff, a +0 pair of gloves, a scroll of summoning, a
                  | +0 leather armour; and the following spell memorised:
                  | Shock; and the following spells available to memorise:
                  | Cigotuvi's Dreadful Rot, Vhi's Electric Charge.
     0 | D:1      | Reached XP level 1. HP: 14/14 MP: 5/5
   137 | D:1      | Reached skill level 2 in Staves
   137 | D:1      | Reached XP level 2. HP: 20/20 MP: 0/6
   464 | D:2      | Reached skill level 3 in Staves
   471 | D:2      | Reached XP level 3. HP: 17/26 MP: 1/8
   488 | D:2      | Found a faded altar of an unknown god.
   493 | D:2      | Prayed at the altar of an unknown god.
   493 | D:2      | Became a worshipper of Hepliaklqana the Forgotten
   493 | D:2      | Reached * piety under Hepliaklqana
  1026 | D:3      | Reached skill level 4 in Staves
  1026 | D:3      | Reached XP level 4. HP: 29/29 MP: 2/9
  1059 | D:3      | Reached ** piety under Hepliaklqana
  1063 | D:3      | Remembered your ancestor Nkonkoni as a battlemage
  1201 | D:4      | Noticed Blork the orc
  1220 | D:4      | Killed Blork the orc
  1221 | D:4      | Reached skill level 5 in Staves
  1221 | D:4      | Reached XP level 5. HP: 12/34 MP: 2/10
  1262 | D:4      | Reached skill level 6 in Staves
  1263 | D:4      | Reached XP level 6. HP: 39/40 MP: 7/11
  1301 | D:4      | Found a runed translucent gate.
  1302 | D:4      | Found a runed translucent gate.
  1303 | D:4      | Found a runed translucent gate.
  1310 | D:4      | Noticed soul19's ghost (amateur GnIE)
  1342 | D:4      | Killed soul19's ghost
  1343 | D:4      | Reached skill level 7 in Staves
  1404 | D:5      | Entered Level 5 of the Dungeon
  1425 | D:5      | Reached XP level 7. HP: 45/45 MP: 12/12
  1453 | D:5      | Reached skill level 1 in Invocations
  1552 | D:5      | Noticed a water moccasin
  1559 | D:5      | Killed a water moccasin
  1560 | D:5      | Reached skill level 8 in Staves
  1569 | D:5      | Noticed a water moccasin
  1576 | D:5      | Killed a water moccasin
  1577 | D:5      | Reached XP level 8. HP: 33/51 MP: 13/13
  1603 | D:5      | Found a shimmering altar of Xom.
  1640 | D:5      | Found a snail-covered altar of Cheibriados.
  1748 | D:5      | Reached skill level 9 in Staves
  1748 | D:5      | Reached skill level 5 in Invocations
  1983 | D:6      | Reached skill level 1 in Fighting
  1988 | D:6      | Found a glowing drain.
  1998 | Sewer    | Entered a sewer
  2088 | Sewer    | Reached *** piety under Hepliaklqana
  2384 | D:6      | Gained mutation: You passively map the area around you.
                  | [Meteoran growth]
  2384 | D:6      | Reached XP level 9. HP: 50/60 MP: 14/14
  2416 | D:6      | Reached skill level 5 in Dodging
  2430 | D:6      | HP: 3/60 [something (4)]
  2480 | D:6      | Found a stormy altar of Qazlal.
  2497 | D:6      | Found a blossoming altar of Fedhas.
  2537 | D:6      | Reached skill level 10 in Staves
  2695 | D:7      | Found Gozag's Platinum Reserve.
  2701 | D:7      | Noticed Pikel
  2719 | D:7      | Killed Pikel
  2720 | D:7      | Found a staircase to the Ecumenical Temple.
  2983 | D:7      | Found an opulent altar of Gozag.
  3036 | D:7      | Reached XP level 10. HP: 72/72 MP: 15/17
  3066 | D:7      | Reached skill level 5 in Fighting
  3120 | D:7      | Found a flagged portal.
  3131 | Bailey   | Entered a bailey
  3199 | Bailey   | Noticed Prince Ribbit
  3199 | Bailey   | Noticed a vault guard
  3209 | Bailey   | Killed a vault guard
  3215 | Bailey   | Killed Prince Ribbit
  3216 | Bailey   | Reached skill level 11 in Staves
  3248 | Bailey   | Noticed a vault guard
  3257 | Bailey   | Killed a vault guard
  3258 | Bailey   | Reached skill level 10 in Invocations
  3258 | Bailey   | Reached XP level 11. HP: 70/81 MP: 17/19
  3436 | D:8      | Reached **** piety under Hepliaklqana
  3508 | D:8      | Reached skill level 12 in Staves
  3508 | D:8      | Reached skill level 10 in Dodging
  3508 | D:8      | Reached XP level 12. HP: 36/93 MP: 4/20
  3517 | D:8      | HP: 10/208 [komodo dragon (19)]
  3519 | D:8      | Slain by a komodo dragon

Illustrated notes

Levels and vault maps discovered:
D:1:      erik_arrival_triangle_large, layout_basic, serial_bayou_pond_e
D:2:      layout_loops_ring, ebering_ecumenical_altar_webs,
          amcnicky_mini_corridor_feature
D:3:      layout_rooms, nicolae_ru_path_of_blood, uniq_sigmund
D:4:      layout_cave_pools, gammafunk_ghost_split, uniq_ijyb,
          uniq_blork_the_orc
D:5:      layout_loops_ring, mainiacjoe_overflow_catch_the_wave,
          amethyst_overflow_temple_binary
D:6:      minmay_flawed_box, layout_basic,
          grunt_temple_overflow_forces_of_nature, portal_sewer_entry_b
D:7:      layout_loops_ring, nicolae_gozag_zags_fifth_avenue,
          trog_butcher_becter, minmay_temple_entry_statues_fountains,
          enter_bailey_2, nicolae_hexahallways, uniq_pikel,
          uniq_crazy_yiuf_cottage
D:8:      layout_cave_pools, mainiacjoe_overflow_paths, jmf_multi_god_temple2,
          minmay_lizard_king

Skill      XL: |  1  2  3  4  5  6  7  8  9 10 11 |
---------------+----------------------------------+-----
Staves         | 2 3 4 5 6 7 8 9 10 11 12 | 12.9
Invocations    | 3 6 8 10 | 10.0
Fighting       | 1 4 6 9 |  9.2
Dodging        | 6 8 10 | 10.2
Armour         | 6 |  6.0
Spellcasting   | |  2.6
Air Magic      | |  2.4

Action                     |  1- 3 |  4- 6 |  7- 9 | 10-12 || total
---------------------------+-------+-------+-------+-------++-------
  Melee: Quarterstaff      |    42 |    41 |   126 |   156 ||   365
   Cast: Shock             |    43 |    15 |    21 |    14 ||    93
 Invoke: Ancestor Life: Ba |       |     1 |       |       ||     1
  Evoke: Wand              |       |       |       |     4 ||     4
    Use: Scroll            |       |     8 |     6 |     5 ||    19
         Potion            |       |       |     1 |     5 ||     6
   Stab: Distracted        |       |       |     3 |       ||     3
         Invisible         |       |       |       |     1 ||     1
 Armour: Leather armour    |     2 |       |       |       ||     2
         Ring mail         |    23 |    34 |    66 |    74 ||   197
         Skin              |       |       |       |    40 ||    40
  Dodge: Dodged            |    21 |    30 |    75 |    85 ||   211
         Form:             |     1 |       |       |       ||     1
         Beast             |     1 |       |       |       ||     1

Table legend: (Time is in decaauts)
 A = Elapsed time spent in this place.
 B = Non-inter-level travel time spent in this place.
 C = Inter-level travel time spent in this place.
 D = Time resting spent in this place.
 E = Time spent auto-exploring this place.
 F = Levels seen in this place.
 G = Mean time per level.
                   A        B        C        D        E       F      G
               +--------+--------+--------+--------+--------+-----+--------+
         Total |   3544 |   3356 |    188 |      0 |   2148 |  10 |  354.4 |
       Dungeon |   2987 |   2799 |    188 |      0 |   1890 |   8 |  373.4 |
         Sewer |    325 |    325 |      0 |      0 |    201 |   1 |  325.0 |
        Bailey |    232 |    232 |      0 |      0 |     56 |   1 |  232.0 |
               +--------+--------+--------+--------+--------+-----+--------+

Top non-repeatable levels by time:
     D:6: 554 daAuts
     D:7: 526 daAuts
     D:2: 476 daAuts
     D:1: 410 daAuts
     D:5: 379 daAuts
   Sewer: 325 daAuts
     D:3: 313 daAuts
  Bailey: 232 daAuts
     D:4: 209 daAuts
     D:8: 117 daAuts
